 Dungeon Crawl Stone Soup version 0.28.0-43-g3370ac3207 (webtiles) character file.

Game seed: 9812811969476719923

85233 crimpus the Imperceptible (level 16, -1/106 HPs)
             Began as a Kobold Berserker on Mar 8, 2022.
             Was a High Priest of Trog.
             Slain by a +2 war axe of distortion (24 damage)
             ... on level 3 of the Elven Halls.
             The game lasted 00:53:03 (29432 turns).

crimpus the Imperceptible (Kobold Berserker)       Turns: 29432, Time: 00:53:04

Health: -1/106     AC: 16    Str: 26    XL:     16   Next: 30%
Magic:  16/16      EV: 30    Int:  8    God:    Trog [*****.]
Gold:   857        SH:  0    Dex: 24    Spells: 15/15 levels left

rFire   x . .      SeeInvis .   J - +8 quick blade (vorpal)
rCold   . . .      Faith    .   (no shield)
rNeg    . . .      Spirit   .   v - +1 robe of Muttered Phrases {rF- Str+9 Dex+4}
rPois   .          Reflect  .   (helmet restricted)
rElec   .          Harm     .   n - +2 cloak
rCorr   .          Rampage  .   a - +3 pair of gauntlets of War {Slay+5}
Will    +++..                   f - +0 pair of boots
Stlth   ++++++++++              l - amulet of regeneration
HPRegen 2.07/turn               u - +4 ring of protection
MPRegen 0.15/turn               (no ring)

@: strong-willed, regenerating, unable to read
A: small, no large weapons, nightstalker 3, horns 1, inability to read while
threatened
a: Renounce Religion, Berserk, Trog's Hand, Brothers in Arms


You were on level 3 of the Elven Halls.
You worshipped Trog.
Trog was extremely pleased with you.
You visited 3 branches of the dungeon, and saw 17 of its levels.
You visited 1 bazaar.
You also visited: Ossuary.

You collected 1897 gold pieces.
You spent 1040 gold pieces at shops.

Inventory:

Hand Weapons
 e - a +7 dagger
 j - a +2 dagger of venom
 H - the +3 long sword of the Lonely Wars {vorpal, rCorr Stlth+}
   (You took it off a deep elf archer on level 2 of the Elven Halls)

   It inflicts extra damage upon your enemies.
   rCorr:     It protects you from acid and corrosion.
   Stlth:     It makes you more stealthy.
 I - a +0 rapier of speed
 J - a +8 vorpal quick blade (weapon)
Missiles
 o - a throwing net (quivered)
Armour
 a - the +3 pair of gauntlets of War (worn) {Slay+5}
   (You acquired it in an ossuary)

   Slay:      It affects your accuracy & damage with ranged weapons and melee
   (+5).
 f - a +0 pair of boots (worn)
 n - a +2 cloak (worn)
 v - the +1 robe of Muttered Phrases (worn) {rF- Str+9 Dex+4}
   (You found it on level 2 of the Elven Halls)

   Str:       It affects your strength (+9).
   Dex:       It affects your dexterity (+4).
   rF:        It makes you vulnerable to fire.
 E - a +2 robe of willpower
Jewellery
 l - an amulet of regeneration (around neck)
 u - a +4 ring of protection (left hand)
 A - a ring of magical power
 D - a ring of ice
Wands
 m - a wand of flame (41)
 z - a wand of paralysis (5)
 F - a wand of iceblast (5)
 G - a wand of acid (4)
Scrolls
 b - 2 scrolls of enchant armour
 c - 7 scrolls of identify
 h - a scroll of blinking
 i - 2 scrolls of fear
 k - a scroll of summoning
 q - a scroll of magic mapping
 r - a scroll of teleportation
 y - a scroll of holy word
Potions
 d - 4 potions of brilliance
 g - 6 potions of attraction
 p - 6 potions of curing
 s - 5 potions of heal wounds
 w - a potion of ambrosia
 B - 2 potions of berserk rage
 C - a potion of mutation
Miscellaneous
 t - a box of beasts
 x - a tin of tremorstones (2/2)


   Skills:
 + Level 14.2 Fighting
 + Level 16.1(16.2) Short Blades
 - Level 1.6(7.0) Long Blades
 - Level 6.3 Armour
 + Level 15.6 Dodging
 + Level 24.5 Stealth


You had 15 spell levels left.
You didn't know any spells.
Your spell library was empty.

Dungeon Overview and Level Annotations

Branches:
Dungeon (12/15)            Temple (0/1) D:7            Lair (0/6) D:11
    Orc (2/2) D:11            Elf (3/3) Orc:2       Ossuary (visited)

Altars:
Cheibriados
Dithmenos
Elyvilon
Fedhas
Gozag
Hepliaklqana
Kikubaaqudgha
Makhleb
Okawaru
Ru
Sif Muna
Trog
Wu Jian
Xom

Shops:
D:5 *   D:10 =   Orc:2 (*!*:   Elf:2 **   Elf:3 (

Portals:
Trove: D:12 (give 7 potions of haste)

Annotations:
D:3 1 runed translucent door, WaxSun's ghost, novice FoCK


Innate Abilities, Weirdness & Mutations

You are small and have problems with some larger weapons.
You are completely attuned to the shadows.
You have a pair of small horns on your head.
You sometimes lose the ability to read scrolls when taking damage.


Message History

You feel threatened and lose the ability to read scrolls!
You hit something.
The deep elf pyromancer casts a spell.
The deep elf pyromancer blinks!
You hear some strange, mumbled words.
A shard of ice appears from out of thin air!
The shard of ice hits you!!
The deep elf pyromancer casts a spell.
Found 13 stones.
Your ogre goes berserk!
A +2 war axe of distortion comes into view.
The fire elemental closely misses you.
Your skin crawls.
You feel strong-willed. The fire elemental closely misses you.
You swap places.
Your ogre closely misses the fire elemental.
The fire elemental hits your ogre. The fire elemental burns your ogre!
Found a scimitar.
The fire elemental barely misses your ogre.
Your ogre closely misses the fire elemental.
The +2 war axe of distortion hits you! Space warps horribly around you!
The +2 war axe of distortion hits your ogre!
Your ogre blinks!
Found a scale mail.
You hear a shout!
Your ogre is engulfed in blazing flames.
The +2 war axe of distortion hits you!
* * * LOW HITPOINT WARNING * * *
Space warps around you.
* * * LOW HITPOINT WARNING * * *
A deep elf zephyrmancer comes into view.
It is wielding a +0 dagger.
You hear a shout! x2
You hear a shout!
Your ogre is engulfed in blazing flames.
Your ogre dies!
Your ogre's corpse disappears in a puff of smoke!
You hear a shout! x2
The +2 war axe of distortion hits you!!
You die...

#......#
..##...#.#..e.
...#####......
...# ##.....#
..e####.....##
..eee{○☼......
..§#####○.####
###### .).#
#.###○###)....
e..#
#.○..○☼E(@....
)ee#
#.##...##.[...
...#
#.#....##.....
...e
......e........
...#
#.##..#.##.....


You could see a fire elemental (summoned) and a +2 war axe of distortion.

Vanquished Creatures
  A deep elf blademaster (Elf:2)
  2 deep elf sorcerers
  A deep elf elementalist (Elf:2)
  A deep elf annihilator (Elf:2)
  A deep elf death mage (Elf:1)
  Fannar (D:11)
  A boulder beetle (D:11)
  2 hydras (D:12)
  Erica (D:11)
  3 two-headed ogres
  30 dancing weapons
  6 orc high priests
  14 deep elf knights
  A wizard (Elf:1)
  8 deep elf archers
  7 orc knights (Orc:2)
  31 deep elf zephyrmancers
  21 deep elf pyromancers
  Pikel (D:8)
  2 orc sorcerers (Orc:2)
  2 cyclopes (D:12)
  2 ugly things
  2 unseen horrors (D:12)
  2 kobold demonologists
  3 komodo dragons
  6 trolls
  A polar bear (shapeshifter) (Elf:1)
  A meliai zombie (D:11)
  2 air elementals (Elf:2)
  A vampire (D:12)
  A shadow (D:12)
  13 yaks
  A wraith (D:11)
  2 fire elementals
  2 wargs
  2 water moccasins
  27 orc warriors
  2 ice beasts
  A sky beast (D:8)
  5 black bears
  2 ogres (Orc:2)
  A boggart (Elf:1)
  A lemure (D:8)
  3 bullfrogs
  2 kobold brigands
  3 gnoll sergeants
  2 earth elementals
  A scorpion (D:4)
  5 killer bees
  4 howler monkeys
  7 centaur zombies
  4 crimson imps (D:12)
  31 orc priests
  4 hounds
  A bullfrog skeleton (D:5)
  A jelly (D:6)
  A centaur skeleton (D:4)
  An iguana (D:5)
  25 orc wizards
  2 killer bee zombies (D:7)
  3 mummies (Ossuary)
  15 gnolls
  An adder (D:3)
  A shadow imp (D:6)
  A white imp (D:6)
  2 ufetubi
  3 adder zombies (Ossuary)
  3 worms
  2 dart slugs (D:3)
  69 orcs
  16 ball pythons
  8 bats
  5 endoplasms
  3 giant cockroaches
  A gnoll zombie (Ossuary)
  3 goblins
  6 hobgoblins
  25 kobolds
  4 quokkas
  5 frilled lizards
  2 goblin zombies (Ossuary)
  5 hobgoblin zombies (Ossuary)
  2 kobold zombies (Ossuary)
  3 quokka zombies (Ossuary)
  6 rats
  2 rat zombies (Ossuary)
510 creatures vanquished.

Vanquished Creatures (collateral kills)
  A black bear (D:11)
  A centaur (D:11)
  A bullfrog (D:11)
3 creatures vanquished.

Vanquished Creatures (others)
  41 fungi (D:11)
  46 plants
87 creatures vanquished.

Grand Total: 600 creatures vanquished

Notes
Turn   | Place    | Note
-------+----------+-------------------------------------------
     0 | D:1      | crimpus the Kobold Berserker began the quest for the Orb.
     0 | D:1      | Reached XP level 1. HP: 14/14 MP: 1/1
   191 | D:1      | HP: 1/21 [kobold/+0 whip (4)]
   604 | D:1      | Reached XP level 2. HP: 19/19 MP: 2/2
   661 | D:1      | Found a faded altar of an unknown god.
   805 | D:1      | Reached skill level 1 in Stealth
   911 | D:1      | Reached XP level 3. HP: 23/23 MP: 3/3
  1620 | D:2      | Found a shadowy altar of Dithmenos.
  1885 | D:2      | Reached ** piety under Trog
  1886 | D:2      | Reached skill level 2 in Stealth
  2180 | D:2      | Gained mutation: You occasionally shout uncontrollably at
                  | your foes. [potion of mutation]
  2548 | D:3      | Reached XP level 4. HP: 29/29 MP: 4/4
  3054 | D:3      | Found a runed translucent door.
  3054 | D:3      | Noticed a bullfrog
  3057 | D:3      | Noticed WaxSun's ghost (novice FoCK)
  3257 | D:3      | Reached skill level 3 in Stealth
  3552 | D:4      | Reached skill level 5 in Short Blades
  3602 | D:4      | Found a sacrificial altar of Ru.
  3954 | D:4      | Reached XP level 5. HP: 33/33 MP: 5/5
  4125 | D:4      | Reached skill level 4 in Stealth
  4125 | D:4      | Reached XP level 6. HP: 38/38 MP: 6/6
  4833 | D:5      | Entered Level 5 of the Dungeon
  4903 | D:5      | Found Odghecel's General Store.
  5805 | D:5      | Noticed a black bear
  5809 | D:5      | Killed a black bear
  5810 | D:5      | Reached XP level 7. HP: 44/44 MP: 7/7
  5817 | D:5      | Reached skill level 5 in Stealth
  5889 | D:5      | Found a hazy altar of Hepliaklqana.
  6024 | D:5      | Found a bloodstained altar of Trog.
  6128 | D:6      | Found an opulent altar of Gozag.
  6961 | D:6      | Reached XP level 8. HP: 17/48 MP: 8/8
  7417 | D:6      | Reached skill level 1 in Long Blades
  7419 | D:6      | Reached skill level 6 in Stealth
  7809 | D:6      | Reached skill level 5 in Fighting
  9350 | D:7      | Found an ornate altar of the Wu Jian Council.
  9422 | D:7      | Reached skill level 5 in Dodging
  9426 | D:7      | Reached skill level 7 in Stealth
  9834 | D:7      | Found a staircase to the Ecumenical Temple.
  9852 | D:7      | Reached XP level 9. HP: 54/54 MP: 9/9
 10550 | D:7      | Found a burning altar of Makhleb.
 10768 | D:8      | Found a blossoming altar of Fedhas.
 10772 | D:8      | Found a white marble altar of Elyvilon.
 10774 | D:8      | Found an iron altar of Okawaru.
 10774 | D:8      | Found a shimmering altar of Xom.
 10775 | D:8      | Found a shimmering blue altar of Sif Muna.
 11136 | D:8      | Found a sand-covered staircase.
 11143 | Ossuary  | Entered an ossuary
 11211 | Ossuary  | Identified a scroll of acquirement
 11211 | Ossuary  | Acquired the +3 pair of gauntlets of War {Slay+5}
 11211 | Ossuary  | Found the +3 pair of gauntlets of War {Slay+5}
 11319 | Ossuary  | Reached *** piety under Trog
 11389 | D:8      | Noticed Pikel
 11422 | D:8      | Killed Pikel
 11423 | D:8      | Reached skill level 8 in Stealth
 11556 | D:8      | Lost mutation: You occasionally shout uncontrollably at
                  | your foes. [potion of mutation]
 11556 | D:8      | Gained mutation: Your spells are a little easier to cast,
                  | but a little less powerful. [potion of mutation]
 12455 | D:9      | Found an ancient bone altar of Kikubaaqudgha.
 12511 | D:9      | Reached skill level 9 in Stealth
 12521 | D:9      | Reached XP level 10. HP: 46/61 MP: 10/10
 13215 | D:9      | Noticed a two-headed ogre
 13239 | D:9      | Killed a two-headed ogre
 13240 | D:9      | Reached skill level 10 in Short Blades
 13240 | D:9      | Reached skill level 10 in Stealth
 13741 | D:10     | Entered Level 10 of the Dungeon
 13777 | D:10     | Found Genij's Jewellery Boutique.
 14942 | D:9      | Reached skill level 11 in Stealth
 15696 | D:10     | Reached skill level 5 in Armour
 15696 | D:10     | Reached XP level 11. HP: 68/68 MP: 11/11
 16446 | D:10     | Found a snail-covered altar of Cheibriados.
 16869 | D:11     | Found a staircase to the Lair.
 16941 | D:11     | Noticed a two-headed ogre
 16959 | D:11     | Killed a two-headed ogre
 17088 | D:11     | Noticed a two-headed ogre
 17094 | D:11     | Noticed a boulder beetle
 17105 | D:11     | Killed a two-headed ogre
 17374 | D:11     | Noticed a white ugly thing
 17387 | D:11     | Killed a white ugly thing
 17689 | D:11     | Killed a boulder beetle
 17690 | D:11     | Reached skill level 10 in Dodging
 18062 | D:11     | Reached XP level 12. HP: 77/77 MP: 12/12
 18199 | D:11     | Found a staircase to the Orcish Mines.
 18652 | D:12     | Reached skill level 10 in Fighting
 18778 | D:12     | Found a portal to a secret trove of treasure.
 18853 | D:12     | Reached skill level 12 in Stealth
 19014 | D:12     | Found a shimmering altar of Xom.
 19276 | D:12     | Noticed a five-headed hydra
 19369 | D:12     | Killed a five-headed hydra
 19596 | D:12     | Lost mutation: Your spells are a little easier to cast, but
                  | a little less powerful. [potion of mutation]
 19596 | D:12     | Gained mutation: You sometimes lose the ability to read
                  | scrolls when taking damage. [potion of mutation]
 19596 | D:12     | Gained mutation: You have a pair of small horns on your
                  | head. [potion of mutation]
 19646 | D:12     | Noticed a five-headed hydra
 19653 | D:12     | Killed a five-headed hydra
 19654 | D:12     | Reached skill level 13 in Stealth
 20536 | Orc:1    | Entered Level 1 of the Orcish Mines
 20542 | Orc:1    | Noticed Fannar
 20543 | Orc:1    | Noticed Erica
 20557 | Orc:1    | Reached **** piety under Trog
 20866 | D:11     | Killed Erica
 21053 | D:11     | Killed Fannar
 21054 | D:11     | Reached skill level 14 in Stealth
 21770 | Orc:2    | Entered Level 2 of the Orcish Mines
 22326 | Orc:2    | Reached XP level 13. HP: 83/83 MP: 13/13
 22456 | Orc:2    | Found a staircase to the Elven Halls.
 22584 | Orc:2    | Found Loiluaga's Self-Improvement Boutique.
 23388 | Orc:2    | Bought a manual of Stealth for 1040 gold pieces
 23586 | Orc:2    | Reached skill level 15 in Stealth
 24466 | Orc:2    | Reached skill level 16 in Stealth
 24996 | Orc:2    | Found Fozionemm's Antique Weapon Boutique.
 24997 | Orc:2    | Found Waahib's General Store.
 24998 | Orc:2    | Found Biass's General Store.
 24998 | Orc:2    | Found Onoheme's Distillery.
 25076 | Elf:1    | Entered Level 1 of the Elven Halls
 26017 | Elf:1    | Reached ***** piety under Trog
 26031 | Elf:1    | Reached XP level 14. HP: 92/92 MP: 14/14
 26157 | Elf:1    | Reached skill level 17 in Stealth
 26578 | Elf:1    | Reached skill level 18 in Stealth
 26578 | Elf:1    | Noticed a deep elf sorcerer
 26745 | Elf:1    | Reached skill level 19 in Stealth
 27004 | Elf:1    | Killed a deep elf sorcerer
 27180 | Elf:2    | Reached skill level 15 in Short Blades
 27212 | Elf:2    | Reached skill level 20 in Stealth
 27375 | Elf:2    | Found Gyoxtyrr's General Store.
 27378 | Elf:2    | Reached XP level 15. HP: 99/99 MP: 15/15
 27416 | Elf:2    | Reached skill level 21 in Stealth
 27507 | Elf:2    | Identified the +1 leather armour of Feasting {rElec Regen+
                  | Int+2}
 27555 | Elf:2    | Noticed a deep elf elementalist
 27557 | Elf:2    | Killed a deep elf elementalist
 27755 | Elf:2    | Received a gift from Trog
 27838 | Elf:2    | Noticed a deep elf sorcerer
 27848 | Elf:2    | Killed a deep elf sorcerer
 27849 | Elf:2    | Reached skill level 22 in Stealth
 27858 | Elf:2    | Found a flickering gateway to a bazaar.
 27884 | Elf:2    | Found Uxteugam's Mayhem Merchandise.
 27968 | Bazaar   | Entered a bazaar
 27998 | Bazaar   | Found Fishrihue's Antique Armour Shop.
 28033 | Bazaar   | Found Cuynoicw's Book Shop.
 28067 | Elf:2    | Reached skill level 15 in Dodging
 28107 | Elf:2    | Reached skill level 23 in Stealth
 28155 | Elf:2    | Found a runed translucent gate.
 28156 | Elf:2    | Found a runed translucent gate.
 28156 | Elf:2    | Found a runed translucent gate.
 28622 | Elf:2    | Noticed a deep elf blademaster
 28632 | Elf:2    | Killed a deep elf blademaster
 28640 | Elf:2    | Reached XP level 16. HP: 106/106 MP: 16/16
 28807 | Elf:2    | Reached skill level 24 in Stealth
 29060 | Elf:2    | Identified the +1 robe of Muttered Phrases {rF- Str+9
                  | Dex+4}
 29067 | Elf:2    | Received a gift from Trog
 29214 | Elf:2    | Identified the +3 long sword of the Lonely Wars {vorpal,
                  | rCorr Stlth+}
 29309 | Elf:3    | Entered Level 3 of the Elven Halls
 29398 | Elf:3    | Found Daenev's Antique Weapon Shoppe.
 29432 | Elf:3    | Slain by a +2 war axe of distortion

Illustrated notes

Levels and vault maps discovered:
D:1:      sevenhm_arrival_forest_fort_large_4, layout_loops_corners,
          dreamdust_ecumenical_altar_statues
D:2:      layout_loops_ring, basic_altar, hangedman_decor_growths
D:3:      layout_loops_ring, ebering_ghost_sewer_d, lexackson_kobold_supper
D:4:      minmay_polygon_palace, layout_cave_pools, hangedman_ru_absence,
          minmay_misc_feat_doors
D:5:      layout_basic, mainiacjoe_overflow_24_doors, trog_hazing_becter,
          serial_shops, nicolae_shop_hallway_plus
D:6:      minmay_flawed_box, layout_basic, nicolae_gozag_seed_capital,
          portal_sewer_entry_e
D:7:      layout_basic, mainiacjoe_overflow_brackets,
          nicolae_overflow_crystal_walls, temple_fountains
D:8:      layout_basic, minitemple, serial_rivers,
          chequers_serial_rivers_micro_e, chequers_serial_rivers_room_a,
          chequers_serial_rivers_small_3, chequers_serial_rivers_room_b,
          chequers_serial_rivers_large_a, enter_ossuary_3, uniq_pikel
D:9:      layout_loops_ring, kennysheep_mini_moat,
          hangedman_abyss_or_decor_lesser_grid
D:10:     layout_rooms, amcnicky_altar_gilded, serial_shops, shop
D:11:     layout_basic, due_lair_maze_entry_diamond, grunt_decor_resistance,
          eino_tiny_chamber
D:12:     layout_basic, enter_trove_3, grunt_ministairs_12, led_xom_imps
Orc:1:    layout_diamond_mine, uniq_fannar, uniq_erica
Orc:2:    st_orc_pillars, layout_diamond_mine, nicolae_shop_self_help
Elf:1:    minmay_elf_arrival_summoners, layout_gridlike, hangedman_elf_disciples
Elf:2:    nicolae_elf_blades_splatter_lattice [infiniplex_blade_entry_pillars],
          layout_gridlike, serial_shops, bzr_entry_water,
          nicolae_shop_statue_plus, minmay_shop_mayhem,
          nicolae_concentric_dashed_squares_wild, kb_rosetta
Elf:3:    minmay_elf_hall_statues, layout_loops_cross, serial_shops, shop,
          nicolae_shop_trees, ploomutoo_gammafunk_ghost_potion_laboratory,
          minivault_4, uniq_aizul

Skill      XL: |  1  2  3  4  5  6  7  8  9 10 11 12 13 14 15 16 |
---------------+-------------------------------------------------+-----
Stealth        | 1 2 3 4 5 7 9 11 14 16 20 23 24 | 24.5
Dodging        | 3 4 5 7 8 10 11 13 14 15 | 15.6
Short Blades   | 5 6 7 8 9 10 12 14 15 16 | 16.1
Armour         | 2 3 4 5 6 |  6.3
Fighting       | 4 5 6 7 9 10 12 13 14 | 14.2
Long Blades    | 1 |  1.6

Action                   |  1- 3 |  4- 6 |  7- 9 | 10-12 | 13-15 | 16-18 || total
-------------------------+-------+-------+-------+-------+-------+-------++-------
Melee: Short sword       |   103 |   158 |    43 |       |       |       ||   304
       Punch             |     1 |     2 |     7 |     9 |    15 |       ||    34
       Long sword        |       |     7 |    80 |       |       |       ||    87
       Dagger            |       |       |   261 |   619 |   597 |       ||  1477
       Headbutt          |       |       |       |    49 |   213 |    11 ||   273
       Quick blade       |       |       |       |       |   141 |    63 ||   204
Invok: Berserk           |     1 |     6 |    13 |    21 |    18 |       ||    59
       Trog's Hand       |       |       |     2 |     2 |     2 |     1 ||     7
       Brothers in Arms  |       |       |       |       |     2 |     1 ||     3
  Use: Scroll            |     5 |     2 |     7 |     3 |     5 |       ||    22
       Potion            |     5 |       |     4 |     1 |       |       ||    10
 Stab: Sleeping          |    15 |    12 |    16 |    19 |    47 |    11 ||   120
       Distracted        |       |       |     2 |     1 |     3 |     1 ||     7
Armor: Animal skin       |     2 |       |       |       |       |       ||     2
       Leather armour    |    12 |    49 |    87 |   155 |       |       ||   303
       Robe              |       |       |       |       |    75 |     7 ||    82
Dodge: Dodged            |    65 |   107 |   231 |   376 |   303 |    13 ||  1095
